 Dungeon Crawl Stone Soup version 0.27.1-33-g824d729ab1 (webtiles) character file.

Game seed: 13541433893205024717

319 Fortus the Carver (level 6, -7/50 (51) HPs)
             Began as a Minotaur Fighter on Dec 12, 2021.
             Was a Believer of Nemelex Xobeh.
             Mangled by Crazy Yiuf (12 damage)
             ... on level 3 of the Dungeon.
             The game lasted 00:05:22 (3071 turns).

Fortus the Carver (Minotaur Fighter)                Turns: 3071, Time: 00:05:24

HP:   -7/50 (51)    AC:  9    Str: 22    XL:     6   Next: 21%
MP:   5/5           EV:  5    Int:  5    God:    Nemelex Xobeh [**....]
Gold: 139           SH: 14    Dex: 10    Spells: 5/5 levels left

rFire    . . .     SeeInvis .   a - +0 long sword
rCold    . . .     Faith    .   c - +0 kite shield
rNeg     . . .     Spirit   .   e - +0 chain mail
rPois    .         Reflect  +   (helmet restricted)
rElec    .         Harm     .   (no cloak)
rCorr    .         Rampage  .   (no gloves)
Will     .....                  (no boots)
Stlth    ..........             n - amulet of reflection
HPRegen  0.16/turn              f - +4 ring of slaying
MPRegen  0.09/turn              (no ring)

@: lethally poisoned (-7 -> -14), lightly drained
A: horns 2, retaliatory headbutt
a: Renounce Religion, Draw Escape, Draw Destruction, Draw Summoning


You were on level 3 of the Dungeon.
You worshipped Nemelex Xobeh.
Nemelex Xobeh was pleased with you.
You visited 1 branch of the dungeon, and saw 3 of its levels.

You collected 139 gold pieces.

Inventory:

Hand Weapons
 a - a +0 long sword (weapon)
Armour
 b - a +0 scale mail
 c - a +0 kite shield (worn)
 e - a +0 chain mail (worn)
Jewellery
 f - a +4 ring of slaying (left hand)
 n - an amulet of reflection (around neck)
Wands
 s - a wand of iceblast (11)
Scrolls
 i - a scroll of noise {unknown}
 k - 4 scrolls of identify {unknown}
 l - a scroll of magic mapping {unknown}
 o - a scroll of silence {unknown}
 q - a scroll of summoning {unknown}
 u - a scroll of fog {unknown}
Potions
 d - a potion of might
 g - a potion of heal wounds {unknown}
 h - a potion of cancellation {unknown}
 j - 3 potions of flight {unknown}
 m - a potion of berserk rage {unknown}
 p - a potion of resistance {unknown}
 r - 3 potions of degeneration {unknown}
 t - a potion of magic {unknown}


   Skills:
 - Level 3.6 Fighting
 * Level 8.0 Long Blades
 - Level 3.6 Armour
 - Level 3.6 Shields


You had 5 spell levels left.
You didn't know any spells.
Your spell library was empty.

Dungeon Overview and Level Annotations

Branches:
Dungeon (3/15)

Altars:
Nemelex Xobeh

Annotations:
D:3 Crazy Yiuf


Innate Abilities, Weirdness & Mutations

You have a pair of horns on your head.
You reflexively headbutt those who attack you in melee.


Message History

Crazy Yiuf is moderately wounded.
Crazy Yiuf hits you with a +2 quarterstaff of chaos.
You are poisoned.
You closely miss Crazy Yiuf.
Crazy Yiuf is moderately wounded.
You feel very sick. You block Crazy Yiuf's attack.
You slash Crazy Yiuf!
Crazy Yiuf is almost dead.
You feel sick. You block Crazy Yiuf's attack. x2
You barely miss Crazy Yiuf.
Crazy Yiuf is almost dead.
You feel sick.
Crazy Yiuf yells, "Dawk sing-song hand!"
You block Crazy Yiuf's attack.
You barely miss Crazy Yiuf.
Crazy Yiuf is almost dead.
You feel sick.
Crazy Yiuf yells, "Cholesterol!
Flower dark ladder."
Crazy Yiuf hits you with a +2 quarterstaff of chaos!
You are more poisoned.
Your shield prevents you from hitting Crazy Yiuf.
Crazy Yiuf is almost dead.
You feel very sick.
Crazy Yiuf hits you with a +2 quarterstaff of chaos.
* * * LOW HITPOINT WARNING * * *
You closely miss Crazy Yiuf.
Crazy Yiuf is almost dead.
* * * LOW HITPOINT WARNING * * *
You feel very sick. You block Crazy Yiuf's attack. x2
Your shield and chain mail prevent you from hitting Crazy Yiuf.
Crazy Yiuf is almost dead.
* * * LOW HITPOINT WARNING * * *
You feel very sick.
Crazy Yiuf hits you with a +2 quarterstaff of chaos.
* * * LOW HITPOINT WARNING * * *
You are electrocuted!
You die...
Your body disappears without a glow.

#######.#...#.##.........##.#....
...............'.........'.......
#######.#...#.##.........##.#...#
# #...#################...... #
#.### #...... # #.# #.##### #.#
#### #####.# #. #.# #)..###
##.....# #. #.###
#..g@.####......# #. ##...#
#...##..#......## #. #....# ####
###.#....## #. #.#### ######## #.
#.# #. #.#
#######################. #.#
#<......................
#.####.#####################
#......#


You could see Crazy Yiuf.

Vanquished Creatures
  Grinder (D:3)
  4 adders
  An adder skeleton (D:2)
  4 worms
  2 dart slugs (D:2)
  6 orcs
  14 ball pythons
  6 endoplasms
  2 giant cockroaches
  5 goblins (D:1)
  4 hobgoblins
  3 quokkas
  4 bats
  3 frilled lizards
  6 kobolds
  5 rats
70 creatures vanquished.

Notes
Turn   | Place    | Note
-------+----------+-------------------------------------------
     0 | D:1      | Fortus the Minotaur Fighter began the quest for the Orb.
     0 | D:1      | Reached XP level 1. HP: 19/19 MP: 0/0
    60 | D:1      | Found a faded altar of an unknown god.
    89 | D:1      | Became a worshipper of Nemelex Xobeh the Trickster
    89 | D:1      | Reached * piety under Nemelex Xobeh
   116 | D:1      | Reached skill level 3 in Long Blades
   152 | D:1      | Reached XP level 2. HP: 26/26 MP: 1/1
   556 | D:1      | Reached skill level 4 in Long Blades
   597 | D:1      | Received a gift from Nemelex Xobeh
   619 | D:1      | Reached XP level 3. HP: 29/31 MP: 2/2
  1111 | D:2      | Reached ** piety under Nemelex Xobeh
  1272 | D:2      | Reached skill level 5 in Long Blades
  1348 | D:2      | Reached XP level 4. HP: 38/39 MP: 3/3
  2084 | D:3      | Noticed Grinder
  2091 | D:3      | Killed Grinder
  2092 | D:3      | Reached skill level 7 in Long Blades
  2092 | D:3      | Reached XP level 5. HP: 19/45 MP: 4/4
  2092 | D:3      | Reached XP level 6. HP: 21/51 MP: 5/5
  2773 | D:3      | Reached skill level 8 in Long Blades
  2990 | D:3      | Found a runed translucent door.
  2991 | D:3      | Noticed Crazy Yiuf
  3071 | D:3      | Mangled by Crazy Yiuf

Illustrated notes

Levels and vault maps discovered:
D:1:      tarquinn_simple_flora_water_e, layout_loops_corners,
          shapermc_ecumenical_altar_pompeii, serial_bayou_crossing
D:2:      layout_basic
D:3:      layout_loops_corners, minmay_misc_feat_five, minmay_misc_feat_pillars,
          uniq_grinder, uniq_crazy_yiuf_cottage

Skill      XL: |  1  2  3  4  5  6 |
---------------+-------------------+-----
Long Blades    | 3 4 5 7 8 |  8.0
Fighting       | |  3.6
Armour         | |  3.6
Shields        | |  3.6

Action                   |  1- 3 |  4- 6 || total
-------------------------+-------+-------++-------
Melee: Long sword        |    60 |    83 ||   143
       Headbutt          |    12 |    12 ||    24
Invok: Draw Destruction  |       |     1 ||     1
Armor: Chain mail        |    24 |    26 ||    50
Dodge: Dodged            |    15 |     8 ||    23
Block: Kite shield       |    37 |    63 ||   100
       Reflection        |     2 |     4 ||     6
       Rpst.: Long sword |     3 |     4 ||     7
